Map: Dusk Towers

Players

NXZ

  • Race: Zerg Zerg
  • League: Grandmaster

puCK (Nina) - Winner!

  • Race: Protoss Protoss
  • League: Grandmaster

VOD

Have the link to the VOD?

Description

Time

  • Played on: Dec. 20, 2015, 4:36 a.m.
  • Length: 8:28
Show
View Real Time Build Order
Export as new Build Order

NXZ Zerg 

Build Orders: 3 Hatch before Pool 

Get SALT Encoding   

  12  0:00  Drone  
  13  0:12  Overlord  
  13  0:17  Drone  
  14  0:30  Drone  
  14  0:31  Drone  
  16  0:36  Drone  
  17  0:46  Drone  
  18  0:55  Hatchery  
  17  0:58  Drone  
  18  1:07  Drone  
  19  1:21  Hatchery  
  19  1:24  Drone  
  19  1:28  Drone  
  20  1:40  Spawning Pool  
  20  1:42  Drone  
  20  1:50  Drone  
  21  2:00  Drone  
  22  2:07  Overlord  
  22  2:13  Drone  
  23  2:18  Drone  
  23  2:22  Drone  
  25  2:26  Queen x2  
  29  2:30  Zergling x2  
  29  2:34  Drone x2  
  29  2:35  Queen  
  34  2:39  Drone  
  34  2:42  Extractor  
  34  2:43  Drone, Extractor  
  34  2:47  Overlord  
  34  2:50  Drone  
  35  2:55  Drone  
  35  2:57  Drone  
  37  3:01  Drone  
  37  3:02  Queen  
  40  3:06  Drone x2  
  43  3:12  Zergling x2  
  43  3:15  Zergling x2  
  43  3:17  Zergling x2  
  45  3:22  Overlord  
  45  3:26  Zergling x2  
  46  3:28  Drone  
  46  3:33  Drone  
  46  3:34  Drone  
  49  3:36  Drone  
  49  3:37  Metabolic Boost  
  50  3:46  Drone x7  
  50  3:47  Drone  
  57  3:53  Roach Warren  
  57  3:54  Overlord  
  56  3:57  Zergling x2  
  56  4:00  Overlord  
  57  4:07  Lair  
  57  4:17  Drone  
  56  4:19  Drone x8  
  62  4:26  Drone  
  62  4:27  Drone x3  
  62  4:31  Overlord  
  66  4:35  Drone x2  
  68  4:39  Evolution Chamber  
  67  4:46  Drone x6  
  67  4:49  Extractor x2  
  67  4:50  Drone x4  
  67  4:51  Drone x2  
  77  4:53  Drone  
  78  5:01  Overlord  
  78  5:03  Drone x2  
  78  5:05  Extractor x2  
  78  5:10  Drone, Glial Reconstitution  
  78  5:15  Drone x2  
  78  5:16  Drone  
  78  5:17  Spire  
  78  5:19  Hatchery  
  79  5:25  Roach  
  79  5:26  Roach x3  
  79  5:28  Roach  
  89  5:30  Overlord  
  89  5:36  Overlord x2  
  89  5:38  Overseer  
  89  5:49  Overlord  
  89  5:50  Hatchery, Drone  
  89  5:51  Drone  
  89  5:52  Drone x5  
  95  6:03  Roach x5  
  95  6:04  Roach x2  
  107  6:06  Roach  
  107  6:11  Roach x2  
  110  6:17  Roach  
  110  6:18  Roach x2  
  108  6:25  Roach x2  
  110  6:27  Roach, Queen  
  110  6:32  Roach  
  93  6:42  Roach x3  
  93  6:43  Roach  
  91  6:48  Mutalisk x3  
  91  6:49  Mutalisk  
  90  7:00  Mutalisk x3  
  85  7:15  Zergling x20  
  85  7:33  Roach x4  
  85  7:35  Drone x4  
  80  7:50  Roach x4  
  83  7:58  Roach x2  
  89  8:09  Zergling x6  
  89  8:10  Zergling x2  
  89  8:11  Hatchery  
Show
View Real Time Build Order
Export as new Build Order

puCK Protoss - Winner!

Build Orders: Nexus First 

Get SALT Encoding   

  12  0:01  Probe (Chrono Boost)  
  13  0:12  Probe (Chrono Boost)  
  14  0:19  Pylon  
  14  0:22  Probe (Chrono Boost)  
  15  0:38  Probe (Chrono Boost)  
  16  0:48  Probe (Chrono Boost)  
  17  0:59  Nexus  
  17  1:02  Probe (Chrono Boost)  
  18  1:10  Gateway  
  18  1:14  Probe (Chrono Boost)  
  19  1:19  Assimilator  
  19  1:24  Probe (Chrono Boost)  
  20  1:27  Assimilator  
  20  1:35  Probe (Chrono Boost)  
  20  1:36  Pylon  
  21  1:45  Probe (Chrono Boost)  
  22  1:56  Gateway, Probe (Chrono Boost)  
  23  2:02  Cybernetics Core  
  23  2:07  Probe (Chrono Boost)  
  24  2:11  Probe (Chrono Boost)  
  25  2:17  Probe (Chrono Boost)  
  25  2:22  Probe (Chrono Boost)  
  27  2:28  Probe (Chrono Boost)  
  28  2:32  Probe (Chrono Boost)  
  29  2:38  Probe (Chrono Boost)  
  29  2:42  Adept (Chrono Boost)  
  29  2:43  Probe (Chrono Boost), Warp Gate  
  35  2:44  Adept (Chrono Boost)  
  35  2:50  Mothership Core (Chrono Boost)  
  37  2:54  Probe  
  38  3:06  Sentry (Chrono Boost), Probe (Chrono Boost)  
  38  3:11  Probe (Chrono Boost)  
  42  3:14  Nexus  
  42  3:17  Probe (Chrono Boost)  
  43  3:23  Twilight Council  
  43  3:24  Probe (Chrono Boost)  
  44  3:28  Probe (Chrono Boost), Pylon  
  45  3:35  Probe (Chrono Boost)  
  46  3:46  Probe x2 (Chrono Boost)  
  48  3:50  Pylon  
  48  3:56  Probe x2 (Chrono Boost)  
  48  3:59  Pylon  
  48  4:00  Charge (Chrono Boost)  
  50  4:07  Pylon  
  50  4:08  Probe  
  51  4:23  Probe x2  
  50  4:24  Probe  
  50  4:28  Gateway x2  
  50  4:30  Gateway  
  52  4:31  Gateway  
  52  4:33  Gateway  
  52  4:36  Gateway  
  52  4:37  Probe  
  55  4:43  Gateway  
  55  4:44  Gateway  
  55  4:45  Probe  
  53  4:46  Probe  
  55  4:53  Probe  
  55  4:56  Probe  
  55  4:57  Probe  
  58  5:04  Pylon  
  58  5:06  Probe x2  
  59  5:09  Probe  
  59  5:16  Pylon  
  59  5:19  Probe  
  59  5:21  Probe x2  
  61  5:26  Zealot x5  
  61  5:27  Blink (Chrono Boost)  
  72  5:32  Zealot x2  
  72  5:34  Zealot  
  78  5:37  Probe  
  78  5:39  Assimilator x2  
  78  5:42  Zealot x2  
  81  5:47  Pylon, Zealot x4  
  81  5:49  Zealot  
  93  5:53  Zealot  
  93  5:54  Zealot  
  93  5:55  Zealot  
  99  6:05  Probe  
  99  6:07  Zealot x2  
  99  6:08  Zealot x2  
  102  6:20  Zealot  
  102  6:21  Zealot x2  
  108  6:26  Pylon  
  108  6:27  Pylon  
  108  6:28  Pylon  
  108  6:34  Zealot  
  108  6:39  Probe  
  107  6:41  Dark Shrine  
  107  6:42  Zealot  
  105  6:47  Probe x2  
  105  6:49  Assimilator  
  105  6:50  Zealot, Assimilator  
  105  6:51  Zealot x5  
  113  6:59  Probe  
  110  7:03  Stalker x2, Probe  
  110  7:04  Stalker x2  
  110  7:06  Probe, Robotics Facility  
  116  7:11  Zealot x3  
  114  7:18  Pylon  
  114  7:19  Probe  
  114  7:21  Pylon  
  109  7:23  Pylon  
  99  7:30  Stalker  
  99  7:31  Stalker x3  
  99  7:35  Stalker  
  105  7:37  Stalker  
  105  7:42  Stalker  
  97  7:51  Stalker x3  
  97  7:52  Warp Prism (Chrono Boost)  
  97  7:57  Dark Templar  
  103  7:59  Dark Templar  
  103  8:04  Stalker x2  
  108  8:13  Pylon  
  108  8:15  Stalker x3  
Tags
 
Add a new tag
Caveats
  • Supply blocks, unpowered buildings, or Contaminate may cause inaccurate times.
  • Supply counts are checked every 10 seconds.